 Dungeon Crawl Stone Soup version 0.28.0-53-g5a82cb258f (webtiles) character file.

Game seed: 6694050581109329162

8 LynnLen the Sneak (level 2, 0/19 HPs)
             Began as a Vampire Enchanter on Aug 8, 2022.
             Slain by Terence
             ... wielding a +0 flail
              (7 damage)
             ... on level 2 of the Dungeon.
             The game lasted 00:02:19 (991 turns).

LynnLen the Sneak (Vampire Enchanter)                Turns: 991, Time: 00:02:20

Health: 0/19       AC:  3    Str:  7    XL:     2   Next: 0%
Magic:  5/5        EV: 12    Int: 17    God:
Gold:   71         SH:  0    Dex: 14    Spells: 5/5 levels left

rFire   . . .      SeeInvis +   a - +1 dagger
rCold   . . .      Faith    .   (no shield)
rNeg    . . .      Spirit   .   b - +0 robe
rPois   .          Reflect  .   d - +0 helmet
rElec   .          Harm     .   (no cloak)
rCorr   .          Rampage  .   (no gloves)
Will    .....                   (no boots)
Stlth   +++.......              (no amulet)
HPRegen 0.26/turn               (no ring)
MPRegen 0.09/turn               (no ring)

@: healing quickly, invisible
A: alive, fangs 3, see invisible, vampiric 1
a: Exsanguinate


You were on level 2 of the Dungeon.
You visited 1 branch of the dungeon, and saw 2 of its levels.

You collected 71 gold pieces.

Inventory:

Hand Weapons
 a - a +1 dagger (weapon)
Missiles
 f - 66 stones (quivered)
Armour
 b - a +0 robe (worn)
 d - a +0 helmet (worn)
Potions
 e - 2 potions of curing {unknown}
 g - 2 potions of might {unknown}
 h - 2 potions of attraction {unknown}


   Skills:
 * Level 2.0 Short Blades
 - Level 2.1 Dodging
 + Level 4.7 Stealth
 - Level 2.0 Spellcasting
 - Level 4.4 Hexes


You had 5 spell levels left.
You didn't know any spells.
Your spell library contained the following spells:

 Spells                   Type           Power      Damage    Failure   Level
 Confusing Touch          Hex            16%        N/A       10%         3
 Tukima's Dance           Hex            16%        N/A       10%         3
 Ensorcelled Hibernation  Hex/Ice        18%        N/A       12%         2
 Dazzling Flash           Conj/Hex       18%        N/A       24%         3


Dungeon Overview and Level Annotations

Branches:
Dungeon (2/15)

Altars:

Shops:
D:1 [

Annotations:
D:2 Terence


Innate Abilities, Weirdness & Mutations

Your natural rate of healing is accelerated.
You have razor-sharp teeth.
You have supernaturally acute eyesight. (SInv)
You are afflicted with vampirism.


Message History

Done exploring.
Done exploring.
Done exploring.
Done exploring.
You open the door.
You aren't carrying any scrolls.
Okay, then.
There is an open door here.
There is a stone staircase leading down here.
You climb downwards.
There is a stone staircase leading up here.
Found a dagger.
Found 2 green potions.
Found 13 gold pieces.
Found 28 stones.
You see here a +0 dagger.
h - 2 green potions You now have 71 gold pieces (gained 13).
f - 66 stones (gained 28)
Found a robe.
Found a stone staircase leading up.
Terence the Incautious comes into view.
He is wielding a +0 flail.
Terence shouts!
Terence looks scornfully at you.
You fade into invisibility!
Terence closely misses you.
You hit Terence.
Terence is moderately wounded.
Terence hits you with a +0 flail!
Ouch! That really hurt!
You hit Terence.
Terence is moderately wounded.
Terence closely misses you.
You hit Terence but do no damage.
Terence is moderately wounded.
Terence misses you.
You barely miss Terence.
Terence is moderately wounded.
Terence hits you with a +0 flail!
You die...

..#. .. ####.#.### .
..... ######....#.#
....<...##......####.#
...## #....###### .#
.....####[..### .#
......#...#...#
........#####.#
...........##.#
......####.@@.# ......
##.......... .....
###.......# ...
#####...# .. ... . ..
.


You could see Terence.

Vanquished Creatures
  2 endoplasms (D:1)
  2 giant cockroaches (D:1)
  A ball python (D:1)
  A bat (D:1)
  2 kobolds (D:1)
8 creatures vanquished.

Notes
Turn   | Place    | Note
-------+----------+-------------------------------------------
     0 | D:1      | LynnLen the Vampire Enchanter began the quest for the Orb.
     0 | D:1      | Reached XP level 1. HP: 13/13 MP: 3/3
   209 | D:1      | Found a faded altar of an unknown god.
   269 | D:1      | Found Ruumoraen's Antique Armour Boutique.
   755 | D:1      | Reached XP level 2. HP: 19/19 MP: 5/5
   975 | D:2      | Noticed Terence
   991 | D:2      | Slain by Terence

Illustrated notes

Levels and vault maps discovered:
D:1:      shiori_shiawase, layout_basic, serial_shops, nicolae_shop_waterfront,
          shapermc_ecumenical_altar_venn
D:2:      layout_rooms, serial_glass, glass_columns_c, glass_columns_b,
          kennysheep_cluttered_room, uniq_sigmund, uniq_terence

Skill      XL: |  1 |
---------------+----+-----
Short Blades   | 2 |  2.0
Dodging        | |  2.1
Stealth        | |  4.7
Spellcasting   | |  2.0
Hexes          | |  4.4

Action                   || total
-------------------------++-------
Melee: Dagger            ||    39
       Bite              ||     4
  Use: Potion            ||     1
 Stab: Sleeping          ||     2
Armor: Robe              ||    14
Dodge: Dodged            ||    23
